 Dungeon Crawl Stone Soup version 0.28.0 (webtiles) character file.

Game seed: 10653462433650044448

59 RighteousDevil the Skirmisher (level 4, 0/35 HPs)
             Began as a Djinni Fire Elementalist on Feb 7, 2022.
             Was a Follower of Cheibriados.
             Slain by Sigmund (11 damage)
             ... on level 2 of the Dungeon.
             The game lasted 00:03:40 (2325 turns).

RighteousDevil the Skirmisher (DjFE)                Turns: 2325, Time: 00:03:40

Health: 0/35       AC:  6    Str: 11    XL:     4   Next: 22%
Gold:   30         EV: 11    Int: 18    God:    Cheibriados [*.....] SH:  0 Dex: 16

rFire   + + .      SeeInvis .   b - +0 mace
rCold   x . .      Faith    .   (no shield)
rNeg    . . .      Spirit   .   g - +0 ring mail
rPois   ∞          Reflect  .   (no helmet)
rElec   .          Harm     .   f - scarf {+Inv}
rCorr   .          Rampage  .   e - +0 pair of gloves
Will    .....                   (boots unavailable)
Stlth   +.........              (no amulet)
HPRegen 0.11/turn               (no ring)
MPRegen 0.00/turn               (no ring)

@: flying, very slightly contaminated, very slow
A: sickness immunity, fire resistance 2, cold vulnerability 1, float, innate
caster, HP casting, extra vitality 1
a: Renounce Religion, Evoke Invisibility, Bend Time


You were on level 2 of the Dungeon.
You worshipped Cheibriados.
Cheibriados was aware of your devotion.
You visited 1 branch of the dungeon, and saw 2 of its levels.

You collected 30 gold pieces.

Inventory:

Hand Weapons
 b - a +0 mace (weapon)
Armour
 a - a +0 robe
 e - a +0 pair of gloves (worn)
 f - a scarf of invisibility (worn)
 g - a +0 ring mail (worn)
Scrolls
 d - a scroll of enchant weapon {unknown}
 h - a scroll of identify {unknown}
Potions
 c - a potion of heal wounds {unknown}


   Skills:
 - Level 3.1 Fighting
 * Level 0.7 Maces & Flails
 - Level 2.1 Dodging
 - Level 1.5 Stealth
 - Level 2.4 Spellcasting
 + Level 0.3 Invocations


You couldn't memorise any spells.
You knew the following spells:

 Your Spells              Type           Power      Damage    Failure   Level
a - Foxfire               Conj/Fire      40%        2x1d6     16%         1
b - Scorch                Fire           20%        2d6       24%         2
c - Conjure Flame         Conj/Fire      10%        6-21      43%         3
d - Inner Flame           Hex/Fire       10%        N/A       43%         3
e - Flame Wave            Conj/Fire      10%        2d5       83%         4
f - Freeze                Ice            40%        1d6       16%         1
Your spell library was empty.

Dungeon Overview and Level Annotations

Branches:
Dungeon (2/15)

Altars:
Cheibriados

Annotations:
D:2 Sigmund


Innate Abilities, Weirdness & Mutations

You are immune to sickness and miasma.
You are immune to poison.
Your flesh is very heat resistant. (rF++)
You are vulnerable to cold. (rC-)
You float through the air rather than walking.
You learn spells naturally, not from books.
Your magical power is your life essence.
You have superior vitality. (+4 MHP)


Message History

Deactivating autopickup; reactivate with Ctrl-A.
Casting: Foxfire (safe; 16% risk of failure)
Confirm with . or Enter, or press ? or * to list all spells.
The spell is potentially lethal to miscast (83% risk of failure)!
Continue anyway?
Okay, then.
Casting: Flame Wave (potentially lethal; 83% risk of failure)
Confirm with . or Enter, or press ? or * to list all spells.
The spell is potentially lethal to miscast (83% risk of failure)!
Continue anyway?
Okay, then.
Unknown command.
Unknown command.
Okay, then.
Okay, then.
Casting: Flame Wave (potentially lethal; 83% risk of failure)
Confirm with . or Enter, or press ? or * to list all spells.
You miscast Foxfire.
You are very lightly contaminated with residual magic.
Nothing appears to happen.
Unknown command.
Unknown command.
Casting: Foxfire (safe; 16% risk of failure)
Confirm with . or Enter, or press ? or * to list all spells.
You conjure some foxfire!
The gnoll closely misses you. The gnoll barely misses you.
The foxfire hits the gnoll.
The gnoll is moderately wounded.
Unknown command.
Unknown command.
Unknown command.
You closely miss the gnoll.
The gnoll is moderately wounded.
The foxfire hits the gnoll.
The gnoll is heavily wounded.
The gnoll misses you. The gnoll hits you with a +0 whip.
Something hits you but does no damage. The gnoll hits you with a +0 flail.
The gnoll hits you but does no damage.
Unknown command.
Casting: Foxfire (safe; 16% risk of failure)
Confirm with . or Enter, or press ? or * to list all spells.
You conjure some foxfire!
The gnoll barely misses you. Something hits you!
You die...

#.. #.. #.# ...
.>......# #.# #.#
#......# #.#
#......# #.#
###......# #.#
.........# #.#
.........######
#.#
.......ggv....##
#.#
#...gg@v.....#
#.#
#....##......#
#.# #....
#..#...## #.#
#....
#####...###.####
##...
#####........).##
# ##..
#..#...#######..#
# #.#
#....##......###
##.# #+####.#
#..............##
#..# .....#.#
#........##.....#
#...


You could see 4 gnolls.

Vanquished Creatures
  An adder (D:2)
  A gnoll (D:1)
  A worm (D:2)
  A dart slug (D:2)
  3 endoplasms (D:1)
  A giant cockroach (D:1)
  3 goblins
  A hobgoblin (D:1)
  3 kobolds
  3 quokkas (D:2)
  5 ball pythons
  4 bats
  8 rats (D:1)
35 creatures vanquished.

Vanquished Creatures (others)
  21 foxfires
  3 plants (D:2)
24 creatures vanquished.

Grand Total: 59 creatures vanquished

Notes
Turn   | Place    | Note
-------+----------+-------------------------------------------
     0 | D:1      | RighteousDevil the Djinni Fire Elementalist began the quest
                  | for the Orb.
     0 | D:1      | Reached XP level 1. HP: 15/15 MP: 0/0
    24 | D:1      | Reached skill level 1 in Fighting
   283 | D:1      | Reached XP level 2. HP: 21/22 MP: 0/0
   582 | D:1      | Reached skill level 2 in Fighting
   709 | D:1      | Reached XP level 3. HP: 11/29 MP: 0/0
   709 | D:1      | Learned a level 1 spell: Freeze
  1529 | D:2      | Found a faded altar of an unknown god.
  1557 | D:2      | Reached skill level 3 in Fighting
  1563 | D:2      | Prayed at the altar of an unknown god.
  1563 | D:2      | Became a worshipper of Cheibriados the Contemplative
  1563 | D:2      | Reached * piety under Cheibriados
  1993 | D:2      | Reached XP level 4. HP: 26/35 MP: 0/0
  2317 | D:2      | Noticed Sigmund
  2325 | D:2      | Slain by Sigmund

Illustrated notes

Levels and vault maps discovered:
D:1:      dpeg_arrival_long_road, layout_loops_ring
D:2:      layout_basic, dreamdust_ecumenical_altar_statues, serial_bayou,
          serial_bayou_shore_b, serial_bayou_pond_e, serial_bayou_pond_e,
          serial_bayou_pond_d, hangedman_decor_growths, uniq_robin, uniq_sigmund

Skill      XL: |  1  2  3 |
---------------+----------+-----
Fighting       | 1 2 3 |  3.1
Maces & Flails | |  0.7
Dodging        | |  2.1
Stealth        | |  1.5
Spellcasting   | |  2.4
Invocations    | |  0.3

Action                   |  1- 3 |  4- 6 || total
-------------------------+-------+-------++-------
Melee: Unarmed           |     4 |       ||     4
       Mace              |    90 |    13 ||   103
       Punch             |     3 |       ||     3
 Cast: Foxfire           |    13 |     2 ||    15
  Use: Scroll            |     2 |       ||     2
 Stab: Sleeping          |     1 |       ||     1
Armor: Robe              |    17 |       ||    17
       Ring mail         |    15 |     4 ||    19
Dodge: Dodged            |    92 |    19 ||   111
